 Dungeon Crawl Stone Soup version 0.21-a0-552-g593960d (webtiles) character file.

420 tidbits the Caller (level 6, 2/44 HPs)
             Began as a Gnoll Summoner on Dec 17, 2017.
             Quit the game on level 7 of the Dungeon.
             The game lasted 00:14:22 (1381 turns).

tidbits the Caller (Gnoll Summoner)                 Turns: 1381, Time: 00:14:23

Health: 2/44       AC:  3    Str: 11    XL:     6   Next: 94%
Magic:  11/14      EV: 15    Int: 19    God:
Gold:   167        SH:  0    Dex: 15    Spells: 4/15 levels left

rFire    + . .     SeeInvis .   a - +0 short sword (vamp)
rCold    . . .     Gourm    .   (no shield)
rNeg     . . .     Faith    .   e - +0 robe
rPois    .         Spirit   .   E - +0 helmet
rElec    .         Reflect  .   (no cloak)
rCorr    .         Harm     .   (no gloves)
MR       .....                  (no boots)
Stlth    +++.......             (no amulet)
HPRegen  0.14/turn              k - ring of protection from fire
MPRegen  0.14/turn              (no ring)

@: lethally poisoned (2 -> -6)
A: distributed training, fangs 1, strong nose
a: no special abilities


You were on level 7 of the Dungeon.
You were not hungry.

You visited 1 branch of the dungeon, and saw 7 of its levels.

You collected 167 gold pieces.

Inventory:

Hand Weapons
 a - a +0 vampiric short sword (weapon)
   (You took it off an orc on level 4 of the Dungeon)
 g - a +0 long sword
 h - a +0 club
 n - a +0 dagger
 o - a +0 hunting sling
 q - a +0 flail
 s - a cursed +0 spear
Missiles
 f - 10 arrows
 i - 69 stones (quivered)
 m - 52 bolts
Armour
 e - a +0 robe (worn)
 j - a +0 ring mail
 p - a +0 helmet
 E - a +0 helmet (worn)
Jewellery
 k - a ring of protection from fire (left hand)
   (You found it on level 4 of the Dungeon)
Scrolls
 l - a scroll of teleportation
 r - 3 scrolls of remove curse
Potions
 w - a potion of haste
Books
 b - a book of Callings

   Spells                             Type                      Level
   a - Summon Small Mammal            Summoning                    1
   b - Call Imp                       Summoning                    2
   c - Call Canine Familiar           Summoning                    3
   d - Summon Guardian Golem          Hexes/Summoning              3
   e - Summon Lightning Spire         Summoning/Air                4
   f - Summon Ice Beast               Ice/Summoning                4
 d - a book of Changes
   (You found it on level 3 of the Dungeon)

   Spells                             Type                      Level
   a - Beastly Appendage              Transmutation                1
   b - Sticks to Snakes               Transmutation                2
   c - Spider Form                    Transmutation/Poison         3
   d - Ice Form                       Ice/Transmutation            4
   e - Blade Hands                    Transmutation                5
Comestibles
 c - 5 bread rations


   Skills:
 + Level 2.1 Fighting
 + Level 2.1 Short Blades
 + Level 2.1 Long Blades
 + Level 2.1 Axes
 + Level 2.1 Maces & Flails
 + Level 2.1 Polearms
 + Level 2.1 Staves
 + Level 2.1 Slings
 + Level 2.1 Bows
 + Level 2.1 Crossbows
 + Level 2.1 Throwing
 + Level 2.1 Armour
 + Level 5.0 Dodging
 + Level 4.7 Stealth
 + Level 2.1 Shields
 + Level 2.1 Unarmed Combat
 + Level 5.4 Spellcasting
 + Level 1.7 Conjurations
 + Level 1.7 Hexes
 + Level 1.7 Charms
 + Level 7.3 Summonings
 + Level 1.7 Necromancy
 + Level 1.7 Translocations
 + Level 1.7 Transmutations
 + Level 1.7 Fire Magic
 + Level 1.7 Ice Magic
 + Level 1.7 Air Magic
 + Level 1.7 Earth Magic
 + Level 1.7 Poison Magic
 + Level 2.3 Invocations
 + Level 2.1 Evocations


You had 4 spell levels left.
You knew the following spells:

 Your Spells              Type           Power        Failure   Level  Hunger
a - Summon Small Mammal   Summ           ####         1%          1    None
e - Beastly Appendage     Tmut           ##....       6%          1    None
k - Sticks to Snakes      Tmut           ##......     9%          2    None
p - Spider Form           Tmut/Pois      ##........   17%         3    ##.....
L - Summon Lightning Spi  Summ/Air       ###.....     19%         4    ####...


Dungeon Overview and Level Annotations

Branches:
Dungeon (7/15)
 Temple: D:4-7

Altars:
Kikubaaqudgha
Uskayaw
Yredelemnul
Zin

Annotations:
D:2 Terence
D:3 Sigmund


Innate Abilities, Weirdness & Mutations

Your experience applies equally to all skills.
You have very sharp teeth.
Your uncanny sense of smell can sniff out nearby items.


Message History

Aim: an orc priest, wielding a hand axe and wearing a leather armour (almost dead)
You throw a stone. The stone hits the orc priest.
You kill the orc priest!
Your lightning spire shoots out a bolt of lightning at the bullfrog skeleton!
The bolt of electricity hits the bullfrog skeleton.
What are your orders? t - Bark!
Orders for allies: a - Attack new target. r - Retreat! s - Stop attacking. g - Guard the area. f - Follow me.
Anything else - Cancel.
You bark for attention!
What are your orders? t - Bark!
Orders for allies: a - Attack new target. r - Retreat! s - Stop attacking. g - Guard the area. f - Follow me.
Anything else - Cancel.
You bark for attention!
Your lightning spire shoots out a bolt of lightning at the bullfrog skeleton!
The bolt of electricity hits the bullfrog skeleton. x2
The bolt of electricity hits your lightning spire.
Your lightning spire completely resists.
You hit the bullfrog skeleton.
You destroy the bullfrog skeleton!
What are your orders? t - Bark!
Orders for allies: a - Attack new target. r - Retreat! s - Stop attacking. g - Guard the area. f - Follow me.
Anything else - Cancel.
You bark for attention!
Your lightning spire shoots out a bolt of lightning at the orc!
The bolt of electricity hits the orc.
The orc dies!
What are your orders? t - Bark!
Orders for allies: a - Attack new target. r - Retreat! s - Stop attacking. g - Guard the area. f - Follow me.
Anything else - Cancel.
You bark for attention!
Your lightning spire disappears in a puff of smoke!
Things that are here:
a flail; a scale mail; an orc corpse
q - a flail You butcher the orc corpse.
Things that are here:
a scale mail; 4 chunks of flesh; an orc skeleton Eat one of 4 chunks of flesh? (ye/n/q)
You eat one of the 4 chunks of flesh.
This raw flesh tastes terrible.
Things that are here:
a flail; a ring mail; an orc corpse
Casting: Summon Lightning Spire
Confirm with . or Enter, or press ? or * to list all spells.
Aiming: Summon Lightning Spire
Press: ? - help, Dir - move target cursor An electric hum fills the air.
Your lightning spire shoots out a bolt of lightning at the scorpion!
The bolt of electricity hits the scorpion.
Things that are here:
a scale mail; 3 chunks of flesh; an orc skeleton Throwing (i - inventory):
i - 70 stones (quivered)
Press: ? - help, Shift-Dir - straight line, f - scorpion
Aim: a scorpion (severely wounded)
You throw a stone.
The stone hits the scorpion but does no damage.
The scorpion is severely wounded.
You hit the scorpion but do no damage.
The scorpion is severely wounded.
The scorpion stings you.
* * * LOW HITPOINT WARNING * * *
You are lethally poisoned!
The scorpion poisons you!
You hit the scorpion.
You feel better.
The scorpion is severely wounded.
* * * LOW HITPOINT WARNING * * *
You feel sick. The scorpion stings you.
* * * LOW HITPOINT WARNING * * *
Your lightning spire shoots out a bolt of lightning at the scorpion!
The bolt of electricity hits the scorpion.
The scorpion dies!
The bolt of electricity hits your lightning spire.
Your lightning spire completely resists.
Okay, then.
* * * LOW HITPOINT WARNING * * *
You feel sick.
Things that are here:
a scale mail; 3 chunks of flesh; an orc skeleton
Okay, then.
Unknown command.
* * * LOW HITPOINT WARNING * * *
You feel sick.
Items here: ( ) [ † a stone; a flail; a ring mail; an orc corpse
* * * LOW HITPOINT WARNING * * *
You feel sick.
Items here: ( ) [ † a hand axe; a leather armour; 2 stones; an orc corpse Are you sure you want to abandon this character and quit the game? (Confirm with "yes".)

#........ #......#
#........ #......#
#........ #......#
#........ #......#
######.... #......#
#......... #......#
#.####.### #......# ##.#
.....
#.....@######..#.......
#######([...#..#.......
#######............_...
#.......8...#..#.......
#...........##.#.......
#...........##.# .....
#..............####.###
###...........##.........
#....†........####.......


You could see a friendly lightning spire.

Vanquished Creatures
  An ice beast (D:6)
  A bullfrog zombie (D:6)
  An orc priest (D:7)
  A bullfrog skeleton (D:7)
  An iguana (D:4)
  A howler monkey skeleton (D:7)
  An adder (D:6)
  A dart slug (D:1)
  A leopard gecko (D:7)
  An orc (D:4)
  2 giant cockroaches
  7 goblins (D:3)
  A hobgoblin (D:1)
  2 quokkas (D:4)
  A ball python zombie (D:4)
  A bat (D:1)
  A frilled lizard (D:1)
  A kobold (D:1)
  A quokka skeleton (D:4)
  2 rats
29 creatures vanquished.

Vanquished Creatures (collateral kills)
  A bullfrog (D:7)
  2 scorpions (D:7)
  An orc priest (D:4)
  An orc wizard (D:4)
  6 worker ants
  Robin (D:3)
  2 adders
  2 leopard geckos
  5 orcs
  2 bats
  A giant cockroach (D:1)
  4 goblins (D:3)
  4 hobgoblins
  2 quokkas (D:7)
  A quokka zombie (D:4)
35 creatures vanquished.

Grand Total: 64 creatures vanquished

Notes
Turn   | Place    | Note
-------+----------+-------------------------------------------
     0 | D:1      | tidbits the Gnoll Summoner began the quest for the Orb.
     0 | D:1      | Reached XP level 1. HP: 13/13 MP: 6/6
   100 | D:2      | Found a basalt altar of Yredelemnul.
   211 | D:2      | Reached XP level 2. HP: 16/19 MP: 5/7
   316 | D:3      | Learned a level 2 spell: Sticks to Snakes
   318 | D:3      | Learned a level 1 spell: Beastly Appendage
   353 | D:2      | Noticed Terence
   400 | D:3      | Found a hide-covered altar of Uskayaw.
   472 | D:4      | Reached skill level 5 in Spellcasting
   472 | D:4      | Reached skill level 1 in Invocations
   472 | D:4      | Reached XP level 3. HP: 3/25 MP: 1/9
   526 | D:4      | Reached skill level 1 in Fighting
   526 | D:4      | Reached skill level 1 in Short Blades
   526 | D:4      | Reached skill level 1 in Long Blades
   526 | D:4      | Reached skill level 1 in Axes
   526 | D:4      | Reached skill level 1 in Maces & Flails
   526 | D:4      | Reached skill level 1 in Polearms
   526 | D:4      | Reached skill level 1 in Staves
   526 | D:4      | Reached skill level 1 in Slings
   526 | D:4      | Reached skill level 1 in Bows
   526 | D:4      | Reached skill level 1 in Crossbows
   526 | D:4      | Reached skill level 1 in Throwing
   526 | D:4      | Reached skill level 1 in Armour
   526 | D:4      | Reached skill level 1 in Shields
   526 | D:4      | Reached skill level 1 in Unarmed Combat
   526 | D:4      | Reached skill level 1 in Evocations
   549 | D:4      | Reached XP level 4. HP: 13/32 MP: 1/11
   554 | D:4      | Learned a level 3 spell: Spider Form
   578 | D:4      | Learned a level 4 spell: Summon Lightning Spire
   586 | D:5      | Entered Level 5 of the Dungeon
   620 | D:3      | Noticed Sigmund
   727 | D:3      | Noticed Robin
   773 | D:3      | Killed Robin
   793 | D:3      | Reached skill level 1 in Conjurations
   793 | D:3      | Reached skill level 1 in Hexes
   793 | D:3      | Reached skill level 1 in Charms
   793 | D:3      | Reached skill level 1 in Necromancy
   793 | D:3      | Reached skill level 1 in Translocations
   793 | D:3      | Reached skill level 1 in Transmutations
   793 | D:3      | Reached skill level 1 in Fire Magic
   793 | D:3      | Reached skill level 1 in Ice Magic
   793 | D:3      | Reached skill level 1 in Air Magic
   793 | D:3      | Reached skill level 1 in Earth Magic
   793 | D:3      | Reached skill level 1 in Poison Magic
   808 | D:4      | Reached XP level 5. HP: 14/37 MP: 1/12
   932 | D:4      | Found a glowing silver altar of Zin.
  1111 | D:6      | Noticed an ice beast
  1123 | D:6      | Killed an ice beast
  1123 | D:6      | Reached skill level 2 in Invocations
  1123 | D:6      | Reached XP level 6. HP: 7/44 MP: 6/13
  1265 | D:7      | Found an ancient bone altar of Kikubaaqudgha.
  1280 | D:7      | Reached skill level 5 in Dodging
  1302 | D:7      | Reached skill level 2 in Fighting
  1302 | D:7      | Reached skill level 2 in Short Blades
  1302 | D:7      | Reached skill level 2 in Long Blades
  1302 | D:7      | Reached skill level 2 in Axes
  1302 | D:7      | Reached skill level 2 in Maces & Flails
  1302 | D:7      | Reached skill level 2 in Polearms
  1302 | D:7      | Reached skill level 2 in Staves
  1302 | D:7      | Reached skill level 2 in Slings
  1302 | D:7      | Reached skill level 2 in Bows
  1302 | D:7      | Reached skill level 2 in Crossbows
  1302 | D:7      | Reached skill level 2 in Throwing
  1302 | D:7      | Reached skill level 2 in Armour
  1302 | D:7      | Reached skill level 2 in Shields
  1302 | D:7      | Reached skill level 2 in Unarmed Combat
  1302 | D:7      | Reached skill level 2 in Evocations
  1304 | D:7      | HP: 4/44 [poisoned by a scorpion]
  1377 | D:7      | HP: 4/44 [scorpion (5)]
  1381 | D:7      | Quit the game

Vault maps used:
D:1:      erik_arrival_cave_to_civilisation
D:2:      kennysheep_ying_yang, gammafunk_temple_overflow_statue, uniq_terence,
          uniq_crazy_yiuf_cottage
D:3:      nicolae_overflow_crystal_walls, uniq_sigmund, uniq_robin
D:4:      zin_statuary, serial_undead, serial_undead_f, serial_undead_e,
          serial_undead_c, serial_undead_b, due_unseen_surprise
D:5:      first_bread, uniq_prince_ribbit1
D:6:      kennysheep_little_box, kennysheep_mini,
          minmay_temple_entry_butterflies
D:7:      kennysheep_kobold_camp, old_standard_altar, okawaru_altar_gauntlet_db

Skill      XL: |  1  2  3  4  5  6 |
---------------+-------------------+-----
Spellcasting   | 5 |  5.4
Invocations    | 1 2 |  2.3
Fighting       | 1 2 |  2.1
Short Blades   | 1 2 |  2.1
Long Blades    | 1 2 |  2.1
Axes           | 1 2 |  2.1
Maces & Flails | 1 2 |  2.1
Polearms       | 1 2 |  2.1
Staves         | 1 2 |  2.1
Slings         | 1 2 |  2.1
Bows           | 1 2 |  2.1
Crossbows      | 1 2 |  2.1
Throwing       | 1 2 |  2.1
Armour         | 1 2 |  2.1
Shields        | 1 2 |  2.1
Unarmed Combat | 1 2 |  2.1
Evocations     | 1 2 |  2.1
Conjurations   | 1 |  1.7
Hexes          | 1 |  1.7
Charms         | 1 |  1.7
Necromancy     | 1 |  1.7
Translocations | 1 |  1.7
Transmutations | 1 |  1.7
Fire Magic     | 1 |  1.7
Ice Magic      | 1 |  1.7
Air Magic      | 1 |  1.7
Earth Magic    | 1 |  1.7
Poison Magic   | 1 |  1.7
Dodging        | 5 |  5.0
Stealth        | |  4.7
Summonings     | |  7.3

Action                   |  1- 3 |  4- 6 || total
-------------------------+-------+-------++-------
Melee: Unarmed           |     8 |    24 ||    32
       Dagger            |    32 |       ||    32
       Bite              |     3 |     5 ||     8
       Kick              |     5 |     1 ||     6
       Short sword       |    11 |    40 ||    51
       Punch             |       |     2 ||     2
Throw: Stone             |       |     8 ||     8
 Cast: Summon Small Mamm |     7 |       ||     7
       Sticks to Snakes  |     6 |       ||     6
       Beastly Appendage |     4 |     2 ||     6
       Spider Form       |       |     6 ||     6
       Summon Lightning  |       |    13 ||    13
 Abil: End Transformatio |       |     1 ||     1
  Use: Potion            |     2 |     4 ||     6
       Scroll            |       |     3 ||     3
 Stab: Sleeping          |     5 |     1 ||     6
       Distracted        |     1 |     2 ||     3
  Eat: Fruit             |     1 |     1 ||     2
       Royal jelly       |     1 |       ||     1
       Chunk             |       |     5 ||     5
Armor: Robe              |     4 |     2 ||     6
       Skin              |       |     1 ||     1
Dodge: Dodged            |    41 |    40 ||    81

Table legend:
 A = Spawn XP
 B = Non-spawn XP
 C = Spawn XP percentage of total XP
 D = Spawn monster count
 E = Non-spawn monster count
 F = Spawn count percentage of total count
 G = Total turns spent on level
                    A         B        C        D         E        F      G
               +---------+---------+-------+---------+---------+-------+---------
         Total |       0 |     600 |   0.0 |       0 |      64 |   0.0 |  1381
               +---------+---------+-------+---------+---------+-------+---------
           D:1 |       0 |      12 |   0.0 |       0 |       8 |   0.0 |   126
           D:2 |       0 |       3 |   0.0 |       0 |       3 |   0.0 |   156
           D:3 |       0 |      40 |   0.0 |       0 |      18 |   0.0 |   302
           D:4 |       0 |     179 |   0.0 |       0 |      17 |   0.0 |   360
           D:6 |       0 |     179 |   0.0 |       0 |       7 |   0.0 |   183
           D:7 |       0 |     187 |   0.0 |       0 |      11 |   0.0 |   177
               +---------+---------+-------+---------+---------+-------+---------

Table legend:
 A = Turns spent in this place as a percentage of turns spent in the entire game.
 B = Non-inter-level travel turns spent in this place as a percentage of non-inter-level travel turns spent in the entire game.
 C = Inter-level travel turns spent in this place as a percentage of turns spent in this place.
 D = Turns resting spent in this place as a percentage of non-inter-level travel turns spent in this place.
 E = Turns spent auto-exploring this place as a percentage of non-inter-level travel turns spent in this place.
 F = Non-inter-level travel turns spent in this place divided by the number of levels of this place that you've seen.
                   A       B       C       D       E      F
               +-------+-------+-------+-------+-------+----------------------
         Total | 100.0 | 100.0 |   0.0 |   0.0 |   0.0 | 197.3
       Dungeon | 100.0 | 100.0 |   0.0 |   0.0 |   0.0 | 197.3
               +-------+-------+-------+-------+-------+----------------------

Table legend:
 A = Kills in this place as a percentage of kills in entire the game.
 B = Kills by you in this place as a percentage of kills by you in the entire game.
 C = Kills by friends in this place as a percentage of kills by friends in the entire game.
 D = Other kills in this place as a percentage of other kills in the entire game.
 E = Experience gained in this place as a percentage of experience gained in the entire game.
 F = Experience gained in this place divided by the number of levels of this place that you have seen.
                   A       B       C       D       E      F
               +-------+-------+-------+-------+-------+----------------------
         Total | 100.0 | 100.0 | 100.0 |   N/A | 100.0 |  85.7
       Dungeon | 100.0 | 100.0 | 100.0 |   N/A | 100.0 |  85.7
               +-------+-------+-------+-------+-------+----------------------

Vault maps used:
D:1:      erik_arrival_cave_to_civilisation
D:2:      kennysheep_ying_yang, gammafunk_temple_overflow_statue, uniq_terence,
          uniq_crazy_yiuf_cottage
D:3:      nicolae_overflow_crystal_walls, uniq_sigmund, uniq_robin
D:4:      zin_statuary, serial_undead, serial_undead_f, serial_undead_e,
          serial_undead_c, serial_undead_b, due_unseen_surprise
D:5:      first_bread, uniq_prince_ribbit1
D:6:      kennysheep_little_box, kennysheep_mini,
          minmay_temple_entry_butterflies
D:7:      kennysheep_kobold_camp, old_standard_altar, okawaru_altar_gauntlet_db
